 Dungeon Crawl Stone Soup version 0.19.1-1-g22dce08 (webtiles) character file.

172 Alarkh the Chopper (level 5, 0/41 HPs)
             Began as a Demonspawn Monk on Jan 7, 2017.
             Succumbed to a worker ant's poison
             ... on level 4 of the Dungeon.
             The game lasted 00:04:25 (3900 turns).

Alarkh the Chopper (Demonspawn Monk)                Turns: 3900, Time: 00:04:26

Health: 0/41       AC:  2    Str: 17    XL:     5   Next: 27%
Magic:  5/5        EV: 13    Int: 12    God:
Gold:   126        SH:  0    Dex: 15    Spells: 0 memorised, 4 levels left

rFire  . . .     SeeInvis .     a - +0 hand axe
rCold  . . .     Gourm    .     b - +0 robe
rNeg   . . .     Faith    .     (no shield)
rPois  .         Spirit   .     (no helmet)
rElec  .         Reflect  .     (no cloak)
rCorr  .         Harm     .     (no gloves)
MR     .....                    (no boots)
Stlth  +++.......               (no amulet)
                                (no ring)
                                j - +5 ring of strength

@: lethally poisoned (0 -> -11)
A: claws 2, nightstalker 1, powered by pain 1
a: no special abilities


You were on level 4 of the Dungeon.
You were hungry.

You visited 1 branch of the dungeon, and saw 4 of its levels.

You collected 126 gold pieces.

Inventory:

Hand Weapons
 a - a +0 hand axe (weapon)
Armour
 b - a +0 robe (worn)
Jewellery
 j - a +5 ring of strength (left claw)
Scrolls
 d - 2 scrolls of magic mapping
 e - 2 scrolls of identify
 f - a scroll of enchant weapon {unknown}
 g - a scroll of immolation {unknown}
 l - a scroll of amnesia {unknown}
Potions
 h - a potion of magic
Books
 k - a book of Maledictions

   Spells                             Type                      Level
   a - Corona                         Hexes                        1
   b - Ensorcelled Hibernation        Hexes/Ice                    2
   c - Confuse                        Hexes                        3
   d - Tukima's Dance                 Hexes                        3
   e - Dazzling Spray                 Conjuration/Hexes            3
Comestibles
 c - 3 bread rations
 i - 2 meat rations


   Skills:
 - Level 3.0 Fighting
 + Level 5.5 Axes
 - Level 2.6 Dodging
 - Level 1.7 Stealth


You had 4 spell levels left.
You didn't know any spells.

Dungeon Overview and Level Annotations

Branches:
Dungeon (4/15)
 Temple: D:4-7

Altars:
The Shining One

Annotations:
D:4 Eustachio


Innate Abilities, Weirdness & Mutations

You have very sharp fingernails.
You are slightly more attuned to the shadows.
You sometimes gain a little power by taking damage.


Message History

You hit the worker ant.
The worker ant is severely wounded.
* * * LOW HITPOINT WARNING * * *
You feel sick. The worker ant closely misses you.
You hit the worker ant.
The worker ant is severely wounded.
* * * LOW HITPOINT WARNING * * *
You feel sick. The worker ant closely misses you.
You barely miss the worker ant.
The worker ant is severely wounded.
* * * LOW HITPOINT WARNING * * *
You feel sick. The worker ant closely misses you.
The worker ant barely misses you.
You closely miss the worker ant.
The worker ant is severely wounded.
* * * LOW HITPOINT WARNING * * *
You feel sick. The worker ant barely misses you.
You closely miss the worker ant.
The worker ant is severely wounded.
You die...

#. #. #.
###.###.#####
#......@....#
#.#.#.....#.###.#.
#.#.............?.
#.# #...<.#.# ...:
#@# ##...##.#.....
#a# ##.###.#.....
#.# #...........
#.# #####.#....
#.# #a# .. #.# #.#
#.# #.#
#.#########.#
#...a.......#


You could see a worker ant.

Vanquished Creatures
  Jessica (D:2)
  Terence (D:2)
  5 adders
  An ooze (D:2)
  A worm (D:2)
  A leopard gecko (D:1)
  6 orcs (D:3)
  5 giant cockroaches
  7 goblins
  6 hobgoblins
  2 jackals (D:3)
  6 kobolds
  2 quokkas (D:3)
  3 ball pythons
  4 bats (D:1)
  7 frilled lizards
  8 rats
66 creatures vanquished.

Notes
Turn   | Place    | Note
-------+----------+-------------------------------------------
     0 | D:1      | Alarkh the Demonspawn Monk began the quest for the Orb.
     0 | D:1      | Reached XP level 1. HP: 18/18 MP: 1/1
    33 | D:1      | Reached skill level 3 in Axes
   350 | D:1      | Gained mutation: You sometimes gain a little power by taking damage. [demonic ancestry]
   350 | D:1      | Reached XP level 2. HP: 22/24 MP: 2/2
  1017 | D:1      | Gained mutation: You are slightly more attuned to the shadows. [demonic ancestry]
  1017 | D:1      | Reached XP level 3. HP: 27/29 MP: 3/3
  1176 | D:1      | Reached skill level 4 in Axes
  2526 | D:2      | Gained mutation: You have sharp fingernails. [demonic ancestry]
  2526 | D:2      | Reached XP level 4. HP: 35/35 MP: 4/4
  2634 | D:2      | Noticed Jessica
  2636 | D:2      | Noticed Terence
  2640 | D:2      | Killed Jessica
  2649 | D:2      | Killed Terence
  2649 | D:2      | Reached skill level 5 in Axes
  2840 | D:2      | Found a glowing golden altar of the Shining One.
  2949 | D:2      | Gained mutation: You have very sharp fingernails. [demonic ancestry]
  2949 | D:2      | Reached XP level 5. HP: 36/41 MP: 5/5
  3523 | D:3      | Noticed a phantom
  3849 | D:4      | Noticed Eustachio
  3898 | D:4      | HP: 2/41 [poisoned by a worker ant]
  3900 | D:4      | Succumbed to a worker ant's poison

Skill      XL: |  1  2  3  4 |
---------------+-------------+-----
Axes           | 3 4 5 |  5.5
Fighting       | |  3.0
Dodging        | |  2.6
Stealth        | |  1.7

Action                   |  1- 3 |  4- 6 || total
-------------------------+-------+-------++-------
Melee: Hand axe          |   138 |   129 ||   267
  Use: Potion            |     2 |     2 ||     4
       Scroll            |       |     3 ||     3
 Stab: Sleeping          |    11 |     5 ||    16
       Distracted        |     1 |     1 ||     2
       Invisible         |       |     1 ||     1
  Eat: Chunk             |     1 |     3 ||     4
       Meat ration       |     1 |       ||     1
Armor: Robe              |    21 |    15 ||    36
Dodge: Dodged            |    92 |    80 ||   172
